 Dungeon Crawl Stone Soup version 0.24-a0-373-g39439d866b (webtiles) character file.

Game seed: 15318618002218855946

84136 theanonym the Fencer (level 15, -14/141 HPs)
             Began as a Minotaur Assassin on May 30, 2019.
             Was the Champion of Zin.
             Demolished by an ettin
             ... wielding a +0 dire flail
              (17 damage)
             ... on level 14 of the Dungeon.
             The game lasted 00:50:49 (29253 turns).

theanonym the Fencer (Minotaur Assassin)           Turns: 29253, Time: 00:50:50

Health: -14/141    AC: 20    Str: 19    XL:     15   Next: 34%
Magic:  0/21       EV:  8    Int:  8    God:    Zin [******]
Gold:   1788       SH:  0    Dex: 15    Spells: 14/14 levels left

rFire    . . .     SeeInvis .   a - +4 great sword (holy)
rCold    + . .     Gourm    .   (shield currently unavailable)
rNeg     . . .     Faith    .   A - +0 plate armour
rPois    .         Spirit   +   (helmet restricted)
rElec    .         Reflect  .   N - scarf {Spirit}
rCorr    .         Harm     .   P - +2 pair of gloves
MR       +....                  (no boots)
Stlth    ..........             l - amulet of rage
HPRegen  0.33/turn              h - ring of protection from cold
MPRegen  0.17/turn              (no ring)

@: berserk cooldown, very slightly contaminated, slowed, invisible, very slow
A: retaliatory headbutt, horns 2
a: Recite, Vitalisation, Imprison, Sanctuary, Donate Gold, Renounce Religion,
Evoke Berserk Rage


Innate Abilities, Weirdness & Mutations

You reflexively headbutt those who attack you in melee.
You have a pair of horns on your head.


   Skills:
 + Level 15.2 Fighting
   Level 4.2(13.0) Short Blades
 * Level 19.6(19.8) Long Blades
 - Level 2.0 Throwing
 - Level 15.0 Armour
 + Level 1.6 Dodging
 - Level 3.2 Stealth
 - Level 10.0 Invocations


You had 14 spell levels left.
You didn't know any spells.
Your spell library contained the following spells:

 Spells                   Type           Power        Failure   Level  Hunger
 Flame Tongue             Conj/Fire      #....        99%         1    ##.....
 Magic Dart               Conj           #...         99%         1    ##.....
 Summon Small Mammal      Summ           #...         99%         1    ##.....
 Blink                    Tloc           N/A          100%        2    ###....
 Call Imp                 Summ           #.......     100%        2    ###....
 Searing Ray              Conj           #.....       100%        2    ###....
 Slow                     Hex            #.......     100%        2    ###....
 Sublimation of Blood     Necr           #.........   100%        2    ###....
 Throw Flame              Conj/Fire      #.....       100%        2    ###....
 Call Canine Familiar     Summ           #.......     100%        3    ####...
 Conjure Flame            Conj/Fire      #.......     100%        3    ####...
 Dazzling Spray           Conj/Hex       #.....       100%        3    ####...
 Ignite Poison            Fire/Tmut/Pois #.......     100%        3    ####...
 Inner Flame              Hex/Fire       #.......     100%        3    ####...
 Mephitic Cloud           Conj/Pois/Air  #.......     100%        3    ####...
 Summon Guardian Golem    Hex/Summ       #.......     100%        3    ####...
 Force Lance              Conj/Tloc      #.......     100%        4    #####..
 Fulminant Prism          Conj/Hex       #.........   100%        4    #####..
 Iskenderun's Mystic Bla  Conj           #.......     100%        4    #####..
 Petrify                  Tmut/Erth      #.......     100%        4    #####..
 Sticky Flame             Conj/Fire      #.......     100%        4    #####..
 Summon Ice Beast         Ice/Summ       #.......     100%        4    #####..
 Summon Lightning Spire   Summ/Air       #.......     100%        4    #####..
 Alistair's Intoxication  Tmut/Pois      #.......     100%        5    ######.
 Fireball                 Conj/Fire      #.........   100%        5    ######.
 Irradiate                Conj/Tmut      #.........   100%        5    ######.
 Hydra Form               Tmut           #.........   100%        6    #######
 Statue Form              Tmut/Erth      #........    100%        6    #######
 Dragon Form              Tmut           #.........   100%        7    #######

Skill      XL: |  1  2  3  4  5  6  7  8  9 10 11 12 13 14 15 |
---------------+----------------------------------------------+-----
Armour         | 1 2 3 4 5 6 7 9 10 11 13 14 15 | 15.0
Fighting       | 3 4 5 7 8 9 11 12 13 14 15 | 15.2
Short Blades   | 3 4 |  4.2
Invocations    | 1 2 3 4 5 7 8 9 10 | 10.0
Long Blades    | 3 5 7 9 11 13 15 17 19 | 19.6
Throwing       | |  2.0
Dodging        | |  1.6
Stealth        | |  3.2

Action                   |  1- 3 |  4- 6 |  7- 9 | 10-12 | 13-15 || total
-------------------------+-------+-------+-------+-------+-------++-------
Melee: Dagger            |   107 |    77 |       |       |       ||   184
       Headbutt          |    12 |    12 |    63 |   145 |   262 ||   494
       Great sword       |       |    29 |   302 |   686 |  1046 ||  2063
Throw: Dart              |     8 |       |       |       |       ||     8
       Throwing net      |       |     1 |     4 |     2 |     6 ||    13
Invok: Recite            |       |     1 |    12 |    41 |    27 ||    81
       Vitalisation      |       |       |       |       |     5 ||     5
 Abil: Evoke Berserk Rag |       |     1 |       |    10 |    10 ||    21
Evoke: Wand              |       |       |       |       |    11 ||    11
  Use: Scroll            |       |    10 |     9 |     8 |    13 ||    40
       Potion            |       |     1 |       |     5 |     7 ||    13
 Stab: Sleeping          |     7 |     2 |       |       |       ||     9
       Confused          |       |       |     2 |    11 |     8 ||    21
       Invisible         |       |       |       |    11 |       ||    11
       Held in net/web   |       |       |       |     2 |     5 ||     7
       Paralysed         |       |       |       |    23 |     1 ||    24
       Fleeing           |       |       |       |     1 |       ||     1
  Eat: Chunk             |     2 |     6 |    14 |    12 |    18 ||    52
       Ration            |       |       |     1 |     9 |     9 ||    19
Armor: Robe              |     9 |       |       |       |       ||     9
       Leather armour    |     6 |     3 |       |       |       ||     9
       Ring mail         |       |    32 |    11 |       |       ||    43
       Chain mail        |       |       |   271 |    12 |       ||   283
       Plate armour      |       |       |       |   501 |   805 ||  1306
Dodge: Dodged            |    46 |    48 |   174 |   314 |   447 ||  1029
       Rpst.: Great sword |       |     8 |    51 |    81 |   115 ||   255

Inventory:

Hand Weapons
 a - a +4 great sword of holy wrath (weapon)
 T - a +2 great sword
Missiles
 q - 12 curare-tipped darts
 s - 6 atropa-tipped darts
 C - 60 poisoned darts
 H - 2 throwing nets (quivered)
Armour
 c - the +9 ice dragon scales of Sisoduf {rPois rF- rC++ rN++ MR+ Str-4}

   It affects your strength (-4).
   It makes you vulnerable to fire.
   It greatly protects you from cold.
   It protects you from poison.
   It greatly protects you from negative energy.
   It affects your resistance to hostile enchantments.
 A - a +0 plate armour (worn)
 N - a scarf of spirit shield (worn)
 P - a +2 pair of gloves (worn)
Jewellery
 h - a ring of protection from cold (left hand)
 l - an amulet of rage (around neck)
 p - an uncursed ring of see invisible
 E - an uncursed ring of positive energy
 J - an uncursed ring of protection from magic
Wands
 d - a wand of digging (5)
 k - a wand of enslavement (9)
 o - a wand of iceblast (24)
 v - a wand of acid (7)
 D - a wand of disintegration (6)
 G - a wand of flame (16)
 O - a wand of scattershot (6)
Scrolls
 f - 4 scrolls of fog
 n - 6 scrolls of remove curse
 r - 5 scrolls of identify
 t - 7 scrolls of teleportation
 y - 2 scrolls of magic mapping
 B - 2 scrolls of blinking
 I - a scroll of enchant armour
 K - a scroll of acquirement
 L - 5 scrolls of immolation
 M - a scroll of enchant weapon
 Q - a scroll of holy word {unknown}
 S - a scroll of amnesia
Potions
 b - a potion of cancellation
 g - 5 potions of lignification
 i - 2 potions of brilliance
 j - a potion of agility
 u - 2 potions of flight
 w - 7 potions of curing
 z - 2 potions of invisibility
 F - a potion of berserk rage
 R - a potion of ambrosia
Miscellaneous
 x - a phantom mirror
Comestibles
 e - 39 rations


You were on level 14 of the Dungeon.
You worshipped Zin.
Zin was exalted by your worship.
You were not hungry.

You visited 3 branches of the dungeon, and saw 22 of its levels.
You also visited: Bailey and Volcano.

You collected 2885 gold pieces.
You spent 897 gold pieces at shops.
You donated 200 gold pieces to Zin.

Dungeon Overview and Level Annotations

Branches:
Dungeon (14/15)            Temple (0/1) D:5            Lair (6/6) D:9
  Swamp (0/4) Lair:4        Snake (0/4) Lair:4        Slime (0/5) Lair:6
    Orc (2/2) D:10            Elf (0/3) Orc:2
 Vaults: D:13-14

Altars:
Ashenzari
Dithmenos
Elyvilon
Fedhas
Gozag
Hepliaklqana
Kikubaaqudgha
Qazlal
Ru
Uskayaw
Vehumet
Wu Jian
Yredelemnul
Zin
Beogh

Shops:
D:4 *   D:5 %   D:7 }   D:12 !   Orc:2 !(}?

Annotations:
D:11 exclusion: door
D:12 3 runed translucent doors, Avack's ghost, journeyman DsGl
Orc:2 1 runed translucent door, tilp's ghost, adept TeAE

#........... .....
#..........###... ##
###........###.#.# '#}#
..........##.....## ....
...)..)...#.......#).#.#
..........#.:...[.#.....
...######.....♣...'.#
...# #.#.(...C)# ...#
#.#.....@.# ...#
#.##.....### ...#
#..###.#.#.#'# ...####
#.. ###.....###.....##
.....>. ... #.......#..
....# ....... ....
#.......#a......#
####...
#.(.♣.......♣...#..
#.......#.....?.#..
#.......#...%...#..


You could see an ettin.

Notes
Turn   | Place    | Note
-------+----------+-------------------------------------------
     0 | D:1      | theanonym the Minotaur Assassin began the quest for the
                  | Orb.
     0 | D:1      | Reached XP level 1. HP: 18/18 MP: 0/0
   171 | D:1      | Reached skill level 1 in Armour
   171 | D:1      | Reached XP level 2. HP: 22/25 MP: 1/1
   249 | D:1      | theanonym: !stats mias
   365 | D:1      | beem: Starting stats for MiAs: Str 15 Int 8 Dex 11. Stat
                  | gain: sd/4
   371 | D:1      | Found a shattered altar of Ashenzari.
   456 | D:1      | Reached skill level 3 in Fighting
   737 | D:2      | HP: 11/26 [jackal (3)]
   748 | D:2      | Reached XP level 3. HP: 14/31 MP: 2/2
  1066 | D:2      | Reached skill level 3 in Short Blades
  1206 | D:2      | Reached skill level 2 in Armour
  1274 | D:2      | Found a glowing silver altar of Zin.
  1277 | D:2      | Became a worshipper of Zin the Law-Giver
  1277 | D:2      | Reached * piety under Zin
  1300 | D:2      | Found a shadowy altar of Dithmenos.
  1436 | D:2      | HP: 15/31 [worm (6)]
  1440 | D:2      | HP: 7/31 [worm (9)]
  1444 | D:2      | Zin protects you from harm!
  1792 | D:2      | Reached XP level 4. HP: 36/39 MP: 3/3
  2292 | D:3      | Reached ** piety under Zin
  2486 | D:3      | Noticed Sigmund
  2786 | D:3      | Killed Sigmund
  2786 | D:3      | Reached skill level 4 in Fighting
  2786 | D:3      | Reached skill level 4 in Short Blades
  2786 | D:3      | Reached skill level 3 in Armour
  2786 | D:3      | Reached skill level 1 in Invocations
  2786 | D:3      | Reached XP level 5. HP: 47/47 MP: 3/5
  2786 | D:3      | Reached XP level 6. HP: 53/53 MP: 3/6
  2917 | D:4      | Found Jublet's General Store.
  2927 | D:4      | Bought a +0 great sword for 91 gold pieces
  2944 | D:4      | Reached skill level 1 in Long Blades
  2944 | D:4      | Reached skill level 2 in Invocations
  3165 | D:4      | Reached skill level 4 in Armour
  3169 | D:4      | Reached skill level 2 in Long Blades
  3218 | D:4      | Reached skill level 5 in Fighting
  3322 | D:4      | Noticed Grinder
  3324 | D:4      | Found a blossoming altar of Fedhas.
  3339 | D:4      | Killed Grinder
  3339 | D:4      | Reached skill level 3 in Long Blades
  3339 | D:4      | Reached XP level 7. HP: 58/61 MP: 6/8
  3342 | D:4      | Reached skill level 3 in Invocations
  3490 | D:4      | Reached *** piety under Zin
  3614 | D:4      | Reached skill level 4 in Long Blades
  3813 | D:5      | Entered Level 5 of the Dungeon
  3872 | D:5      | Found Toiqoxog's Food Shoppe.
  3881 | D:5      | Noticed Prince Ribbit
  3882 | D:5      | Found a staircase to the Ecumenical Temple.
  3911 | D:4      | HP: 30/61 [scorpion (1)]
  3916 | D:4      | HP: 25/62 [poisoned by a scorpion]
  3922 | D:4      | HP: 22/62 [poisoned by a scorpion]
  3928 | D:4      | HP: 20/62 [poisoned by a scorpion]
  3934 | D:4      | HP: 19/62 [poisoned by a scorpion]
  3941 | D:4      | HP: 19/62 [poisoned by a scorpion]
  4272 | D:5      | Noticed Edmund
  4283 | D:5      | Killed Edmund
  4283 | D:5      | Reached skill level 5 in Long Blades
  4283 | D:5      | Reached skill level 5 in Armour
  4283 | D:5      | Reached XP level 8. HP: 54/70 MP: 9/9
  4320 | D:5      | Killed Prince Ribbit
  4320 | D:5      | Reached skill level 6 in Fighting
  4420 | D:5      | Reached skill level 4 in Invocations
  4447 | D:5      | Reached skill level 6 in Long Blades
  4658 | D:5      | Found a hazy altar of Hepliaklqana.
  4766 | D:5      | Reached skill level 6 in Armour
  4783 | D:5      | HP: 30/71 [something/magic dart (8)]
  4789 | D:5      | HP: 28/71 [something (1)]
  4796 | D:5      | HP: 26/71 [poisoned by a scorpion]
  4798 | D:5      | Reached skill level 7 in Long Blades
  5230 | D:6      | Reached skill level 7 in Fighting
  5283 | D:6      | Noticed Eustachio
  5314 | D:6      | Killed Eustachio
  5314 | D:6      | Reached XP level 9. HP: 65/79 MP: 11/11
  5391 | D:6      | Found an opulent altar of Gozag.
  5559 | D:6      | Reached skill level 5 in Invocations
  5564 | D:6      | Reached skill level 8 in Long Blades
  6341 | D:6      | Noticed Menkaure
  6346 | D:6      | Killed Menkaure
  6346 | D:6      | Reached skill level 7 in Armour
  6433 | D:7      | Found a sacrificial altar of Ru.
  6445 | D:7      | Reached **** piety under Zin
  6639 | D:7      | Found Aqankop's Gadget Emporium.
  7022 | D:8      | Noticed Pikel
  7033 | D:8      | Killed Pikel
  7033 | D:8      | Reached skill level 8 in Fighting
  7033 | D:8      | Reached skill level 9 in Long Blades
  7490 | D:8      | Noticed a two-headed ogre
  7492 | D:8      | Reached XP level 10. HP: 81/90 MP: 13/13
  7505 | D:8      | HP: 32/90 [two-headed ogre/cursed +0 giant spiked club
                  | (14)]
  7507 | D:8      | Killed a two-headed ogre
  7507 | D:8      | Reached skill level 10 in Long Blades
  7507 | D:8      | Reached skill level 8 in Armour
  7507 | D:8      | Reached skill level 6 in Invocations
  7512 | D:8      | HP: 32/90 [crimson imp (2)]
  8066 | D:9      | Reached skill level 9 in Fighting
  8279 | D:9      | HP: 41/91 [orc priest/divine providence (17)]
  8281 | D:9      | Reached skill level 11 in Long Blades
  8539 | D:9      | Reached skill level 9 in Armour
  8858 | D:9      | Noticed a +0 hand axe
  8859 | D:9      | Noticed a +0 dagger
  8861 | D:9      | Found a hide-covered altar of Uskayaw.
  9087 | D:9      | Found a staircase to the Lair.
  9136 | D:9      | Found an ornate altar of the Wu Jian Council.
  9237 | D:10     | Entered Level 10 of the Dungeon
  9244 | D:10     | Reached skill level 7 in Invocations
  9255 | D:10     | HP: 46/92 [orc wizard/magic dart (7)]
  9260 | D:9      | HP: 45/92 [poisoned by a water moccasin]
  9266 | D:9      | HP: 44/92 [poisoned by a water moccasin]
  9274 | D:9      | HP: 44/92 [poisoned by a water moccasin]
  9489 | D:10     | Reached XP level 11. HP: 97/99 MP: 15/15
  9546 | D:10     | Found a flagged portal.
  9558 | Bailey   | Entered a bailey
  9848 | Bailey   | Reached skill level 12 in Long Blades
  9854 | Bailey   | HP: 72/148 [gnoll sergeant/+0 halberd (8)]
  9860 | Bailey   | Reached skill level 10 in Fighting
  9861 | Bailey   | HP: 64/148 [gnoll/+0 spear (2)]
 10042 | Bailey   | Reached ***** piety under Zin
 10042 | Bailey   | Reached ****** piety under Zin
 10229 | D:10     | Found a basalt altar of Yredelemnul.
 10384 | D:10     | HP: 46/99 [komodo dragon (21)]
 10662 | D:10     | Found a staircase to the Orcish Mines.
 11227 | D:11     | Noticed a two-headed ogre
 11424 | Orc:1    | Entered Level 1 of the Orcish Mines
 11532 | Orc:1    | Noticed an orc warlord
 11547 | Orc:1    | Reached skill level 10 in Armour
 11554 | Orc:1    | Killed an orc warlord
 11554 | Orc:1    | Reached skill level 13 in Long Blades
 11554 | Orc:1    | Reached skill level 8 in Invocations
 11570 | Orc:1    | Noticed Harold
 11591 | Orc:1    | HP: 34/101 [Harold/+1 glaive of protection (21)]
 11592 | Orc:1    | Killed Harold
 11750 | Orc:1    | Found a dark tunnel.
 11762 | Volcano  | Entered a volcano
 11909 | Volcano  | HP: 49/101 [lava snake (3)]
 12244 | Orc:1    | HP: 50/101 [orc priest/divine providence (12)]
 12428 | Orc:1    | HP: 48/101 [cyclops/large rock (13)]
 12433 | Orc:1    | HP: 34/101 [cyclops (10)]
 12608 | Orc:1    | Noticed an orc knight
 12608 | Orc:1    | Noticed an orc sorcerer
 12616 | Orc:1    | Killed an orc sorcerer
 12617 | Orc:1    | HP: 70/151 [orc priest/divine providence[an orc knight]
                  | (12)]
 12620 | Orc:1    | Killed an orc knight
 12620 | Orc:1    | Reached skill level 11 in Fighting
 13004 | Orc:2    | Entered Level 2 of the Orcish Mines
 13008 | Orc:2    | Noticed an orc sorcerer
 13009 | Orc:2    | Noticed an ettin
 13024 | Orc:1    | Reached XP level 12. HP: 64/110 MP: 17/17
 13194 | Orc:1    | HP: 49/110 [ettin/+0 dire flail (28)]
 13197 | Orc:1    | HP: 22/110 [ettin/+0 dire flail (3)]
 13198 | Orc:1    | Killed an ettin
 13656 | Orc:2    | Found a staircase to the Elven Halls.
 13667 | Orc:2    | HP: 55/110 [orc warrior/+0 scimitar (13)]
 13673 | Orc:2    | HP: 45/110 [orc warrior/+0 scimitar (5)]
 14047 | Orc:2    | Found a runed translucent door.
 14048 | Orc:2    | Noticed tilp's ghost (adept TeAE)
 14085 | Orc:2    | Reached skill level 14 in Long Blades
 14094 | Orc:2    | Paralysed by an orc sorcerer for 3 turns
 14096 | Orc:2    | HP: 52/110 [orc sorcerer/bolt of fire (7)]
 14099 | Orc:2    | Paralysed by an orc sorcerer for 5 turns
 14099 | Orc:2    | HP: 23/110 [orc wizard/magic dart (4)]
 14101 | Orc:2    | Zin protects you from harm!
 14112 | Orc:2    | Paralysed by an orc sorcerer for 7 turns
 14142 | Orc:2    | Reached skill level 11 in Armour
 14439 | Orc:2    | Found Xynupety's Magic Scroll Emporium.
 14447 | Orc:2    | Paralysed by an orc sorcerer for 4 turns
 14448 | Orc:2    | HP: 47/110 [orc sorcerer/bolt of fire (18)]
 14676 | Orc:2    | Bought a scroll of enchant armour for 90 gold pieces
 14676 | Orc:2    | Bought a scroll of blinking for 90 gold pieces
 14676 | Orc:2    | Bought a scroll of teleportation for 36 gold pieces
 14676 | Orc:2    | Bought a scroll of fog for 24 gold pieces
 14684 | Orc:2    | Noticed Erolcha
 14692 | Orc:2    | Found a radiant altar of Vehumet.
 14706 | Orc:2    | Killed Erolcha
 14706 | Orc:2    | Reached skill level 9 in Invocations
 14803 | Orc:2    | Found Zeokioco's Antique Weapon Emporium.
 14822 | Orc:2    | Paralysed by an orc sorcerer for 2 turns
 14825 | Orc:2    | Found an ancient bone altar of Kikubaaqudgha.
 14826 | Orc:2    | Noticed Nergalle
 14833 | Orc:2    | Killed Nergalle
 14866 | Orc:2    | Found Ynameo's Distillery.
 14869 | Orc:2    | Found a roughly hewn altar of Beogh.
 14881 | Orc:2    | HP: 54/111 [soul eater/drain life[an orc sorcerer] (5)]
 14886 | Orc:2    | HP: 51/111 [soul eater/drain life[an orc sorcerer] (5)]
 15172 | Orc:2    | Bought a glowing great sword for 332 gold pieces
 15196 | Orc:2    | Found Nisauc's Gadget Shoppe.
 15228 | Orc:2    | Bought a wand of acid (5) for 234 gold pieces
 15717 | Lair:1   | Entered Level 1 of the Lair of Beasts
 15954 | Lair:1   | Reached skill level 15 in Long Blades
 15957 | Lair:1   | Reached skill level 12 in Fighting
 16145 | Lair:1   | Found a white marble altar of Elyvilon.
 16993 | Lair:2   | Noticed a four-headed hydra
 17589 | Lair:2   | Killed an eight-headed hydra
 17589 | Lair:2   | Reached XP level 13. HP: 118/118 MP: 19/19
 18013 | Lair:3   | Reached skill level 12 in Armour
 18278 | Lair:3   | HP: 58/119 [poisoned by a black mamba]
 18283 | Lair:3   | HP: 52/119 [poisoned by a black mamba]
 18288 | Lair:3   | HP: 48/119 [poisoned by a black mamba]
 18294 | Lair:3   | HP: 45/119 [poisoned by a black mamba]
 18299 | Lair:3   | HP: 44/119 [poisoned by a black mamba]
 18305 | Lair:3   | HP: 44/119 [poisoned by a black mamba]
 18313 | Lair:3   | HP: 44/119 [poisoned by a black mamba]
 19467 | Lair:4   | Reached skill level 16 in Long Blades
 19746 | Lair:4   | Found a staircase to the Snake Pit.
 20174 | Lair:4   | HP: 55/119 [yak (9)]
 20401 | Lair:4   | Found a staircase to the Swamp.
 20600 | Lair:4   | Identified a scroll of acquirement
 20642 | Lair:5   | Noticed Josephine
 20648 | Lair:5   | Reached skill level 13 in Fighting
 20666 | Lair:5   | Killed Josephine
 20861 | Lair:5   | HP: 59/122 [blink frog (8)]
 20872 | Lair:5   | HP: 51/122 [blink frog (11)]
 20877 | Lair:5   | HP: 47/122 [blink frog (6)]
 21168 | Lair:5   | Reached skill level 13 in Armour
 21236 | Lair:5   | Reached skill level 17 in Long Blades
 21703 | Lair:5   | Reached XP level 14. HP: 109/129 MP: 20/20
 21812 | Lair:5   | HP: 64/129 [poisoned by a spiny frog]
 21817 | Lair:5   | HP: 60/129 [poisoned by a spiny frog]
 21823 | Lair:5   | HP: 58/129 [poisoned by a spiny frog]
 21828 | Lair:5   | HP: 56/129 [poisoned by a spiny frog]
 21834 | Lair:5   | HP: 56/129 [poisoned by a spiny frog]
 21842 | Lair:5   | HP: 57/129 [poisoned by a spiny frog]
 22266 | Lair:6   | Entered Level 6 of the Lair of Beasts
 23180 | Lair:6   | Reached skill level 14 in Fighting
 23243 | Lair:6   | Reached skill level 18 in Long Blades
 23250 | Lair:6   | HP: 94/198 [raiju (6)]
 23255 | Lair:6   | HP: 59/132 [hell hound (2)]
 23260 | Lair:6   | HP: 50/132 [black bear (1)]
 23265 | Lair:6   | HP: 39/132 [black bear (2)]
 23630 | Lair:6   | HP: 53/132 [polar bear (18)]
 23636 | Lair:6   | HP: 35/132 [polar bear (1)]
 23645 | Lair:6   | HP: 26/132 [polar bear (2)]
 24217 | Lair:6   | Found a staircase to the Slime Pits.
 24299 | Lair:6   | Reached skill level 14 in Armour
 24450 | Lair:6   | Got obsidian-encrusted ice dragon scales
 24873 | Lair:6   | Identified the +9 ice dragon scales of Sisoduf {rPois rF-
                  | rC++ rN++ MR+ Str-4} (You found it on level 6 of the Lair
                  | of Beasts)
 25116 | D:11     | Paralysed by a hornet for 2 turns
 25406 | D:11     | Noticed Grum
 25433 | D:11     | Killed Grum
 25599 | D:11     | Found a runed translucent door.
 25693 | D:11     | HP: 64/133 [fire crab] (4)]
 25697 | D:11     | HP: 31/133 [fire crab] (6)]
 25698 | D:11     | HP: 14/133 [fire crab] (4)]
 25699 | D:11     | HP: 6/133 [fire crab] (8)]
 26297 | D:12     | Found Jor Inoh's Distillery.
 26315 | D:12     | Reached skill level 10 in Invocations
 26385 | D:12     | HP: 95/199 [slime creature (9)]
 26390 | D:12     | HP: 89/199 [slime creature (3)]
 26681 | D:12     | Found a runed translucent gate.
 26681 | D:12     | Found a runed translucent gate.
 26681 | D:12     | Found a runed translucent gate.
 27061 | D:12     | Noticed Avack's ghost (journeyman DsGl)
 27243 | D:13     | Found a stormy altar of Qazlal.
 27418 | D:13     | Found a runed translucent gate.
 27418 | D:13     | Found a runed translucent gate.
 27418 | D:13     | Found a runed translucent gate.
 27418 | D:13     | Noticed confidenceinterval's ghost (journeyman MiFi)
 27584 | D:13     | Killed confidenceinterval's ghost
 27584 | D:13     | Reached skill level 19 in Long Blades
 27777 | D:13     | Reached XP level 15. HP: 127/139 MP: 21/21
 27970 | D:14     | HP: 65/139 [two-headed ogre/+0 giant spiked club (9)]
 28317 | D:14     | Reached skill level 15 in Fighting
 28337 | D:14     | HP: 68/141 [acid dragon/splash of acid (5)]
 28344 | D:14     | HP: 58/141 [acid (1)]
 28365 | D:14     | HP: 61/141 [deep elf knight/shard of ice (3)]
 28371 | D:14     | HP: 49/141 [freezing wraith (2)]
 28382 | D:14     | HP: 40/141 [something (5)]
 28387 | D:14     | HP: 36/141 [something (1)]
 28392 | D:14     | HP: 23/141 [something (4)]
 28397 | D:14     | HP: 32/211 [vampire mosquito (4)]
 28443 | D:14     | HP: 33/141 [ettin/+0 dire flail (8)]
 28446 | D:14     | HP: 14/141 [ettin/+0 dire flail (15)]
 28446 | D:14     | Zin protects you from harm!
 28457 | D:14     | HP: 16/141 [cyclops/large rock (1)]
 28946 | D:14     | HP: 68/141 [battlesphere[a tengu conjurer] (6)]
 28967 | D:14     | Reached skill level 15 in Armour
 29219 | D:14     | Noticed a frost giant
 29226 | D:14     | Identified the amulet of Sed Mom {Spirit rElec rF+++ MR+
                  | Dex-2}
 29227 | D:14     | HP: 68/141 [frost giant/+2 battleaxe of freezing (17)]
 29233 | D:14     | HP: 57/211 [centaur warrior/+0 quarterstaff (6)]
 29235 | D:14     | Killed a frost giant
 29252 | D:14     | HP: 3/141 [ettin/+0 dire flail (23)]
 29253 | D:14     | Demolished by an ettin

Vanquished Creatures
  A frost giant (D:14)
  An orc warlord (Orc:1)
  A war gargoyle (D:14)
  The ghost of confidenceinterval the Spear-Bearer, a journeyman MiFi of Okawaru (D:13)
  An ettin (Orc:1)
  Josephine (Lair:5)
  A great orb of eyes (D:14)
  Harold (Orc:1)
  Erolcha (Orc:2)
  4 hydras
  3 centaur warriors
  An anaconda (Lair:6)
  4 two-headed ogres
  3 death yaks (Lair:5)
  A deep elf knight (D:14)
  Nergalle (Orc:2)
  A fire crab (D:11)
  3 unseen horrors
  Pikel (D:8)
  2 lindwurms (Lair:5)
  A wolf spider zombie (D:14)
  10 orc sorcerers
  An oklob plant (Lair:1)
  4 ugly things
  3 deep elf magi (D:14)
  2 cyclopes
  An orc knight (Orc:1)
  4 elephants (Lair:5)
  4 black mambas
  A torpor snail (Lair:3)
  10 spiny frogs
  A gargoyle (D:10)
  2 rime drakes
  3 komodo dragons
  A freezing wraith (D:14)
  A kobold demonologist (D:12)
  A tengu conjurer (D:14)
  A queen bee (Lair:3)
  2 hornets
  7 trolls
  A harpy zombie (D:14)
  10 polar bears (Lair:6)
  A meliai (D:14)
  Grinder (D:4)
  Prince Ribbit (D:5)
  5 dream sheep (Lair:5)
  5 slime creatures (D:12)
  26 blink frogs
  4 raiju (Lair:6)
  9 hippogriffs
  2 bog bodies (Lair:4)
  Sigmund (D:3)
  A shadow (D:14)
  A centaur simulacrum (D:14)
  A vampire (D:14)
  5 wraiths
  2 wyverns
  Grum (D:11)
  38 yaks
  Eustachio (D:6)
  A basilisk (D:14)
  5 vampire mosquitoes
  3 hungry ghosts
  Edmund (D:5)
  Menkaure (D:6)
  5 wargs
  2 nagas (Lair:4)
  2 acid dragons (D:14)
  12 water moccasins
  13 hell hounds (Lair:6)
  15 porcupines
  11 black bears (Lair:6)
  26 orc warriors
  4 ice beasts
  A phantom (D:9)
  5 sky beasts
  A necrophage (D:13)
  A slave (D:8)
  21 ogres
  An eye of draining (D:9)
  4 boggarts (D:14)
  10 centaurs
  14 wolves
  10 crocodiles
  A big kobold (D:10)
  14 bullfrogs
  9 gnoll sergeants
  2 wyvern zombies
  2 wyvern skeletons (D:14)
  8 scorpions
  34 killer bees
  12 wights
  A howler monkey (D:14)
  2 electric eels (Lair:3)
  2 bullfrog zombies
  8 crimson imps
  2 lava snakes (Volcano)
  4 bullfrog skeletons
  A quasit (D:12)
  22 orc priests
  11 hounds
  9 jellies
  6 gnoll shamans (Bailey)
  45 orc wizards
  A centaur skeleton (D:5)
  3 iguanas
  9 worker ants
  A hound skeleton (D:4)
  A howler monkey zombie (D:6)
  2 worker ant zombies
  19 gnolls
  A howler monkey skeleton (D:5)
  15 adders
  4 shadow imps
  2 oozes
  An adder zombie (D:8)
  6 worms
  3 dart slugs
  8 leopard geckos
  78 orcs
  10 bats
  4 giant cockroaches
  5 goblins
  9 hobgoblins
  20 jackals
  14 kobolds
  5 quokkas
  A ball python (D:1)
  5 frilled lizards
  A jackal zombie (D:8)
  A leopard gecko skeleton (D:6)
  2 quokka skeletons (D:4)
  9 rats
  A pillar of salt (D:14)
  2 plants
816 creatures vanquished.

Vanquished Creatures (others)
  A wolf (Lair:6)
  An ogre (D:8)
  25 fungi
  3 pillars of salt
  24 plants
54 creatures vanquished.

Grand Total: 870 creatures vanquished

Table legend:
 A = Turns spent in this place as a percentage of turns spent in the entire game.
 B = Non-inter-level travel turns spent in this place as a percentage of non-inter-level travel turns spent in the entire game.
 C = Inter-level travel turns spent in this place as a percentage of turns spent in this place.
 D = Turns resting spent in this place as a percentage of non-inter-level travel turns spent in this place.
 E = Turns spent auto-exploring this place as a percentage of non-inter-level travel turns spent in this place.
 F = Non-inter-level travel turns spent in this place divided by the number of levels of this place that you've seen.
                   A       B       C       D       E      F
               +-------+-------+-------+-------+-------+----------------------
         Total | 100.0 | 100.0 |   3.4 |  39.8 |  42.7 | 1178.0
       Dungeon |  51.5 |  51.4 |   3.7 |  34.9 |  47.0 | 1037.1
          Lair |  31.7 |  31.6 |   3.6 |  41.5 |  43.2 | 1490.7
  Orcish Mines |  13.9 |  14.0 |   2.4 |  53.5 |  28.2 | 1980.0
        Bailey |   2.2 |   2.3 |   0.0 |  41.6 |  34.8 | 649.0
       Volcano |   0.7 |   0.7 |   0.0 |  42.5 |  26.0 | 200.0
               +-------+-------+-------+-------+-------+----------------------
